AoeStats
← A Bá

Pilgrims

509608507Analyzed
4v4 RM · 6d ago on Sep 27, 2026· 78m 57s· 8 players
Game mode
Random Map
Map size
Large (8 player)
Population
200
Speed
Normal
Resources
Standard
Victory
Conquest
Starting age
Dark Age
Ending age
Imperial Age
RankedLock teamsTeams togetherTeam positionsShared explorationLock speedFull tech treeHidden civsTurbo modeCheats
Victory
Defeat
🇦🇺 Franks · Australia
1213
+16
🇻🇳 Persians · Vietnam
1195
+16
🇹🇼 Turks · Taiwan
1188
+17
🇨🇳 Japanese · China
1186
+17
🇱🇻 Burmese · Latvia
1226
-17
🇦🇷 Persians · Argentina
1208
-17
🇦🇷 Vietnamese · Argentina
1206
-16
🇹🇷 Japanese · Türkiye
1183
-16
1s3m
2:47 Loom
11:59 Feudal Age
12:56 Man-at-Arms
14:00 Fishing Lines
17:47 Castle Age
16:51 Double-Bit Axe
18:55 Squires
18:19 Long Swordsman
18:44 Gambesons
19:00 Gillnets
22:00 Wheelbarrow
21:20 Arson
23:16 Pikeman
25:50 Scale Mail Armor
26:01 Forging
31:11 Hand Cart
35:34 Forging
35:40 Chain Mail Armor
38:35 Imperial Age
39:16 Iron Casting
38:52 Two-Handed Swordsman
39:33 Halberdier
39:43 Two-Handed Swordsman
39:56 Capped Ram
42:49 Plate Mail Armor
43:20 Blast Furnace
42:29 Champion
43:32 Horse Collar
44:04 Bow Saw
43:48 Fletching
43:58 Padded Archer Armor
49:51 Conscription
61:48 Scale Barding Armor
61:39 Bodkin Arrow
61:59 Leather Archer Armor
63:14 Heavy Scorpion
66:45 Chemistry
66:05 Ballistics
67:02 Two-Man Saw
67:05 Treadmill Crane
67:36 Masonry
76:19 Kataparuto
76:44 Elite Samurai
77:44 Elite Skirmisher
78:50 Parthian Tactics
melnais cinitis
14:30 Loom
16:19 Feudal Age
16:46 Man-at-Arms
17:11 Arson
22:30 Castle Age
20:16 Loom
21:07 Wheelbarrow
MAXPOWER
5:30 Loom
13:14 Feudal Age
14:47 Double-Bit Axe
16:32 Fletching
22:08 Castle Age
23:19 Medium Warships
23:05 Bodkin Arrow
25:25 Fishing Lines
27:12 Gillnets
27:52 Bloodlines
27:43 Husbandry
27:50 Scale Barding Armor
27:56 Forging
27:52 Gold Mining
27:44 Horse Collar
28:16 Bow Saw
31:31 Heavy Plow
32:07 Gold Shaft Mining
32:43 Wheelbarrow
31:54 Town Watch
36:22 Hand Cart
36:41 Stone Mining
38:03 Stone Shaft Mining
37:31 Town Patrol
41:27 Imperial Age
41:39 Imperial Age
40:55 Chain Barding Armor
41:43 Cavalier
43:00 Iron Casting
45:18 Plate Barding Armor
45:43 Blast Furnace
46:51 Two-Man Saw
46:22 Crop Rotation
47:30 Savar
48:14 Heavy Camel Rider
50:42 Kamandaran
51:02 Conscription
50:44 Padded Archer Armor
51:14 Crossbowman
52:00 Thumb Ring
52:49 Leather Archer Armor
53:45 Chemistry
56:41 Light Cavalry
59:20 Elite Cannon Galleon
60:41 Hussar
72:54 Ballistics
73:50 Ring Archer Armor
DGHIR | Dark20
9:20 Loom
12:05 Feudal Age
13:13 Double-Bit Axe
13:10 Horse Collar
15:44 Castle Age
13:39 Stone Mining
14:29 Padded Archer Armor
14:25 Town Watch
14:33 Fletching
15:12 Gold Mining
16:25 Bodkin Arrow
16:40 Bow Saw
16:31 Heavy Plow
17:33 Padded Archer Armor
20:21 Wheelbarrow
23:57 Ballistics
24:40 Leather Archer Armor
29:26 Hand Cart
29:11 Town Patrol
33:53 Imperial Age
33:04 Murder Holes
33:20 Masonry
34:45 Bracer
35:16 Ring Archer Armor
34:54 Fishing Lines
36:33 Crop Rotation
37:03 Two-Man Saw
37:34 Gillnets
39:13 Chemistry
39:39 Town Patrol
39:49 Arrowslits
40:17 Masonry
40:52 Siege Engineers
42:36 Scale Mail Armor
42:46 Forging
43:01 Paper Money
45:41 Squires
45:59 Pikeman
46:25 Arson
46:56 Chain Mail Armor
47:17 Iron Casting
46:41 Halberdier
48:48 Plate Mail Armor
52:19 Two-Man Saw
53:27 Clinker Construction
53:27 Careening
56:58 Elite Rattan Archer
58:45 Hoardings
61:25 Coinage
61:07 Caravan
61:17 Guilds
75:53 Guilds
傳奇商店
5:47 Loom
16:22 Feudal Age
20:42 Castle Age
20:07 Double-Bit Axe
20:05 Horse Collar
25:59 Imperial Age
24:08 Gold Mining
25:58 Heavy Plow
32:05 Bow Saw
49:51 Wheelbarrow
59:05 Conscription
60:57 Two-Man Saw
60:32 Artillery
62:01 Hand Cart
66:44 Elite Janissary
69:00 Ballistics
68:37 Murder Holes
Súc Vật Du Phong
8:40 Loom
12:16 Feudal Age
16:23 Castle Age
17:27 Wheelbarrow
18:01 Fletching
19:08 Horse Collar
21:59 Double-Bit Axe
29:17 Bow Saw
39:52 Heavy Plow
40:08 Husbandry
41:08 Scale Barding Armor
41:13 Forging
44:28 Imperial Age
42:28 Pikeman
43:09 Squires
44:17 Halberdier
46:34 Two-Man Saw
47:45 Scale Mail Armor
48:21 Iron Casting
50:35 Conscription
52:19 Arson
55:14 Gold Mining
56:44 Chain Mail Armor
57:29 Blast Furnace
57:38 Blast Furnace
59:48 Citadels
59:39 Kamandaran
59:38 Bodkin Arrow
59:44 Padded Archer Armor
60:02 Crossbowman
61:50 Thumb Ring
63:23 Hand Cart
63:28 Elite Skirmisher
66:44 Chemistry
67:13 Ballistics
67:04 Masonry
546308830
4:36 Loom
13:26 Feudal Age
14:41 Double-Bit Axe
16:19 Fletching
24:19 Castle Age
23:10 Horse Collar
24:08 Scale Mail Armor
24:18 Forging
25:45 Chain Mail Armor
25:40 Forging
25:52 Heavy Plow
26:08 Bow Saw
25:24 Man-at-Arms
26:23 Gambesons
28:54 Squires
28:40 Arson
30:28 Wheelbarrow
30:05 Long Swordsman
41:30 Imperial Age
38:42 Pikeman
39:30 Gold Mining
42:26 Hand Cart
41:56 Town Watch
42:58 Conscription
42:13 Capped Ram
42:31 Halberdier
45:31 Iron Casting
45:48 Plate Mail Armor
44:55 Two-Handed Swordsman
46:52 Gold Shaft Mining
46:08 Stone Mining
47:07 Masonry
47:19 Ballistics
48:23 Blast Furnace
48:44 Elite Samurai
50:50 Bodkin Arrow
52:10 Chemistry
53:27 Champion
54:53 Siege Engineers
56:10 Two-Man Saw
56:34 Murder Holes
56:30 Arrowslits
58:00 Bracer
62:46 Padded Archer Armor
66:36 Hoardings
73:06 Caravan
73:37 Coinage
76:48 Banking
A Bá
4:46 Loom
12:46 Feudal Age
14:08 Double-Bit Axe
18:55 Castle Age
20:38 Husbandry
23:18 Wheelbarrow
23:08 Scale Barding Armor
23:41 Forging
25:41 Stone Mining
25:41 Gold Mining
26:22 Chain Barding Armor
31:54 Hand Cart
32:07 Bow Saw
32:46 Fervor
37:15 Imperial Age
35:04 Fletching
35:36 Herbal Medicine
37:24 Gold Shaft Mining
37:56 Iron Casting
37:34 Cavalier
38:02 Town Watch
39:06 Conscription
39:57 Paladin
41:26 Plate Barding Armor
42:43 Blast Furnace
45:55 Chivalry
45:32 Light Cavalry
55:00 Ordonnance Companies
56:20 Heavy Mounted Crossbowman
56:21 Cranequins
57:23 Town Patrol
58:52 Bodkin Arrow
58:58 Padded Archer Armor
60:51 Leather Archer Armor
60:11 Elite Skirmisher
61:45 Ballistics
62:26 Chemistry
67:48 Caravan
68:16 Treadmill Crane
68:47 Masonry
68:23 Arrowslits
68:29 Arrowslits
68:40 Murder Holes
68:56 Masonry
Connection lost

Rejoining the realm…

Still unreachable

The connection could not be restored.

Session expired

The server has moved on; the page needs a fresh start.